cohdb
Replays
Latest Replays
All Replays
Popular Replays
Top Player Replays
Match Explorer
How It Works
Community
CoH3 Stats
Reddit
Sign in to upload your games and track your stats! →
Sign in with Steam
Match 40718066
Unlisted
Match 40718066
Overview
Messages
Build Orders
End
Royal Engineer Section
Selects Canadian Shock Battlegroup
Vickers Machine Gun Team
Construct Section Command Post
Infantry Section
Grenade Package
ML 3-inch Mortar Team
Infantry Section
Construct Platoon Command Post
Humber Armored Car
Selects Attacking Spirit
Construct Field Infirmary
Selects Canadian Shock Section
Canadian Shock Section
Unlock M3 Stuart Light Tanks
Selects Incendiary Munitions
M3 Stuart Light Tank
Selects Pyrotechnics
Construct Company Command Post
Crusader II Medium Tank
Selects Demolition Engineering
Armored Vehicle Training
Matilda II Heavy Tank
Crusader II Medium Tank
WadoVice
Enriquexs(CHI)
0
0
Comments
sign in to comment!
No comments posted yet!